 Dungeon Crawl Stone Soup version 0.28-a0-479-g5baa6b73be (webtiles) character file.

Game seed: 4482707591296932182

80 timneilson the Shield-Bearer (level 4, -1/28 HPs)
             Began as a Gargoyle Fighter on Sept 18, 2021.
             Slain by a sky beast (2 damage)
             ... on level 3 of the Dungeon.
             The game lasted 00:03:54 (2636 turns).

timneilson the Shield-Bearer (Gargoyle Fighter)     Turns: 2636, Time: 00:03:55

Health: -1/28      AC: 12    Str: 20    XL:     4   Next: 39%
Magic:  4/4        EV:  9    Int:  9    God:
Gold:   74         SH:  4    Dex:  9    Spells: 3/3 levels left

rFire   . . .      SeeInvis .   a - +0 long sword
rCold   . . .      Faith    .   c - +0 buckler
rNeg    + . .      Spirit   .   b - +0 scale mail
rPois   ∞          Reflect  .   (no helmet)
rElec   +          Harm     .   j - +1 cloak
rCorr   .          Rampage  .   (no gloves)
Will    .....                   (no boots)
Stlth   ..........              (no amulet)
HPRegen 0.09/turn               (no ring)
MPRegen 0.09/turn               (no ring)

@: no status effects
A: sickness immunity, AC +3, negative energy resistance 1, electricity
resistance, torment resistance 1, petrification resistance
a: no special abilities


You were on level 3 of the Dungeon.
You visited 1 branch of the dungeon, and saw 3 of its levels.

You collected 74 gold pieces.

Inventory:

Hand Weapons
 a - a +0 long sword (weapon)
Armour
 b - a +0 scale mail (worn)
 c - a +0 buckler (worn)
 g - a +0 plate armour
 j - a +1 cloak (worn)
Scrolls
 e - a scroll of teleportation
 i - a scroll of enchant armour {unknown}
Potions
 d - a potion of might
 f - 2 potions of flight {unknown}
 h - a potion of mutation {unknown}


   Skills:
 + Level 3.6 Fighting
 * Level 2.4 Long Blades
 * Level 3.9 Armour
 + Level 0.8 Dodging
 * Level 4.0 Shields


You had 3 spell levels left.
You didn't know any spells.
Your spell library contained the following spells:

 Spells                   Type           Power      Damage    Failure   Level
 Ensorcelled Hibernation  Hex/Ice        0%         N/A       86%         2
 Tukima's Dance           Hex            0%         N/A       98%         3


Dungeon Overview and Level Annotations

Branches:
Dungeon (3/15)

Altars:

Shops:
D:3 [


Innate Abilities, Weirdness & Mutations

You are immune to sickness and miasma.
Your stone body is resilient. (AC +3)
You are immune to poison.
You resist negative energy. (rN+)
You are resistant to electric shocks. (rElec)
You are resistant to unholy torment.
You are immune to petrification.


Message History

You miss the sky beast.
The sky beast is moderately wounded.
You block the sky beast's attack.
You closely miss the sky beast.
The sky beast is moderately wounded.
You hear the slow rusting of a very distant drain.
The sky beast flickers out of sight!
Deactivating autopickup; reactivate with Ctrl-A.
Something hits you but does no damage. Something hits you.
Something shocks you. You resist.
You closely miss something. Something hits you. Something shocks you.
You resist.
You hit something. Something hits you but does no damage.
You closely miss something. Something hits you but does no damage.
You miss something.
Something hits you but does no damage. x2
You closely miss something.
A sky beast appears from thin air!
Reactivating autopickup.
The sky beast hits you. The sky beast shocks you. You resist.
* * * LOW HITPOINT WARNING * * *
You closely miss the sky beast.
The sky beast is heavily wounded.
The sky beast completely misses you.
You hit the sky beast.
The sky beast is severely wounded.
You block the sky beast's attack.
The sky beast hits you but does no damage.
You closely miss the sky beast.
The sky beast is severely wounded.
The sky beast flickers out of sight!
Deactivating autopickup; reactivate with Ctrl-A.
Something hits you but does no damage.
You completely miss something. You block something's attack.
You barely miss something. Something hits you.
* * * LOW HITPOINT WARNING * * *
Something shocks you. You resist.
* * * LOW HITPOINT WARNING * * *
You closely miss something. Something hits you.
* * * LOW HITPOINT WARNING * * *
Something shocks you. You resist.
You die...

#### ### ### ...
#.# ... #..#.#
#.# ..#$#.#.# #.#
..§.....####.####
#.≈{@.....#
######.#### ##.#
#..# ##.## #..#
#.## #.# ##.#


There were no monsters in sight!

Vanquished Creatures
  2 adders (D:2)
  A worm (D:3)
  A dart slug (D:1)
  An orc (D:3)
  4 bats
  5 endoplasms
  3 giant cockroaches
  4 goblins
  3 hobgoblins
  A jackal (D:1)
  12 kobolds
  2 quokkas (D:1)
  8 ball pythons
  3 frilled lizards
  5 rats
55 creatures vanquished.

Notes
Turn   | Place    | Note
-------+----------+-------------------------------------------
     0 | D:1      | timneilson the Gargoyle Fighter began the quest for the
                  | Orb.
     0 | D:1      | Reached XP level 1. HP: 14/14 MP: 1/1
   273 | D:1      | Reached XP level 2. HP: 19/19 MP: 2/2
   366 | D:1      | Found a faded altar of an unknown god.
   850 | D:1      | Reached XP level 3. HP: 23/23 MP: 3/3
  1745 | D:2      | Reached XP level 4. HP: 16/28 MP: 4/4
  1958 | D:2      | Reached skill level 4 in Shields
  2435 | D:3      | Found Pagof's Armour Boutique.
  2608 | D:3      | Noticed a sky beast
  2636 | D:3      | HP: 1/28 [something (2)]
  2636 | D:3      | Slain by a sky beast

Illustrated notes

Levels and vault maps discovered:
D:1:      giann_forest_graveyard, layout_loops_ring,
          shapermc_ecumenical_altar_totnotflames,
          hangedman_abyss_or_decor_stabs, nrook_loot_triangle, minivault_23,
          minmay_distorted
D:2:      minmay_kobold_bridge, layout_basic, kennysheep_generic_room_15
D:3:      minmay_thinvault, layout_loops_ring, portal_sewer_entry_e,
          serial_shops, nicolae_diamond_shop, nrook_mini_backslash

Skill      XL: |  1  2  3  4 |
---------------+-------------+-----
Long Blades    | 2 |  2.4
Shields        | 4 |  4.0
Fighting       | |  3.6
Armour         | |  3.9
Dodging        | |  0.8

Action                   |  1- 3 |  4- 6 || total
-------------------------+-------+-------++-------
Melee: Long sword        |   126 |    50 ||   176
  Use: Scroll            |     3 |     1 ||     4
Armor: Scale mail        |    98 |    21 ||   119
Dodge: Dodged            |    81 |    17 ||    98
Block: Buckler           |    32 |     6 ||    38

Table legend: (Time is in decaauts)
 A = Elapsed time spent in this place.
 B = Non-inter-level travel time spent in this place.
 C = Inter-level travel time spent in this place.
 D = Time resting spent in this place.
 E = Time spent auto-exploring this place.
 F = Levels seen in this place.
 G = Mean time per level.
                   A        B        C        D        E       F      G
               +--------+--------+--------+--------+--------+-----+--------+
         Total |   2688 |   2655 |     33 |      0 |   2070 |   3 |  896.0 |
       Dungeon |   2688 |   2655 |     33 |      0 |   2070 |   3 |  896.0 |
               +--------+--------+--------+--------+--------+-----+--------+

Top non-repeatable levels by time:
     D:1: 1319 daAuts
     D:2: 1153 daAuts
     D:3: 215 daAuts
